AoeStats
← Bartoz

Arena

509181187Analyzed
1v1 RM · 7d ago on Sep 25, 2026· 49m 42s· 2 players
Game mode
Random Map
Map size
Tiny (2 player)
Population
200
Speed
Normal
Resources
Standard
Victory
Conquest
Starting age
Dark Age
Ending age
Imperial Age
RankedLock teamsTeams togetherTeam positionsShared explorationLock speedFull tech treeHidden civsTurbo modeCheats
Victory
Defeat
🇹🇷 Turks · Türkiye
707
+17
🇨🇱 Bohemians · Chile
728
-17
Sarısaltuk
7:41 Loom
10:10 Feudal Age
20:42 Castle Age
19:56 Double-Bit Axe
19:54 Horse Collar
20:17 Stone Mining
23:05 Heavy Plow
24:06 Bow Saw
25:05 Wheelbarrow
24:18 Town Watch
27:40 Hand Cart
28:06 Scale Mail Armor
30:11 Town Patrol
31:55 Scale Barding Armor
32:01 Forging
31:52 Padded Archer Armor
32:08 Chain Mail Armor
31:43 Fletching
32:37 Husbandry
32:47 Bloodlines
32:52 Gold Mining
37:21 Imperial Age
35:32 Iron Casting
35:36 Ballistics
34:57 Treadmill Crane
35:30 Masonry
36:59 Gold Shaft Mining
37:16 Chain Barding Armor
37:12 Leather Archer Armor
36:52 Bodkin Arrow
39:09 Blast Furnace
38:39 Plate Mail Armor
44:59 Arrowslits
45:25 Fortified Wall
45:11 Murder Holes
46:58 Elite Janissary
48:15 Hoardings
Bartoz
10:44 Feudal Age
11:16 Double-Bit Axe
11:15 Horse Collar
13:36 Town Watch
14:27 Wheelbarrow
14:16 Town Watch
17:58 Castle Age
15:53 Town Watch
17:38 Forging
17:19 Fletching
17:31 Padded Archer Armor
19:08 Hand Cart
19:17 Bow Saw
19:21 Heavy Plow
24:00 Loom
24:39 Town Patrol
25:16 Ballistics
27:06 Wagenburg Tactics
27:41 Bodkin Arrow
28:55 Leather Archer Armor
29:24 Squires
28:44 Pikeman
31:12 Chemistry
30:23 Masonry
30:27 Arson
36:34 Imperial Age
35:36 Iron Casting
35:02 Scale Mail Armor
45:11 Elite Hussite Wagon
Connection lost

Rejoining the realm…

Still unreachable

The connection could not be restored.

Session expired

The server has moved on; the page needs a fresh start.